 Dungeon Sprint DCSS version 0.29.1-15-g9cfb28693d (webtiles) character file.

Game seed: 13723234860805475877

972 Groucho the Fighter (level 8, -3/84 HPs)
             Began as a Naga Fighter on Apr 26, 2023.
             Was a Believer of Cheibriados.
             Killed from afar by an acid dragon (26 damage)
             ... with a splash of acid
             ... in the Dungeon (Sprint IX: "|||||||||||||||||||||||||||||").
             The game lasted 00:01:51 (613 turns).

Groucho the Fighter (Naga Fighter)                   Turns: 613, Time: 00:01:51

Health: -3/84      AC: 12    Str: 25    XL:     8   Next: 16%
Magic:  6/12       EV:  6    Int: 13    God:    Cheibriados [**....]
Gold:   0          SH:  7    Dex: 20    Spells: 7/7 levels left

rFire   . . .      SeeInvis +   m - +1 broad axe (freeze)
rCold   . . .      Faith    .   c - +0 buckler
rNeg    . . .      Spirit   .   b - +1 chain mail
rPois   +          Reflect  .   o - +0 helmet
rElec   .          Harm     .   (no cloak)
rCorr   .          Rampage  .   a - +0 pair of gloves
Will    +....      NoTele   +   (no barding)
Stlth   ..........              (no amulet)
HPRegen 0.24/turn               p - +3 ring of dexterity
MPRegen 0.13/turn               q - +3 ring of strength

@: mighty, invisible, very slow
A: AC +2, large, see invisible, deformed body, poison resistance, slowness 2,
spit poison 1, naga tail 1
a: Spit Poison, Renounce Religion, Bend Time


You were in the Dungeon.
You worshipped Cheibriados.
Cheibriados was pleased with you.
You visited 1 branch

Inventory:

Hand Weapons
 m - a +1 broad axe of freezing (weapon)
 n - a +2 morningstar of protection
Armour
 a - a +0 pair of gloves (worn)
 b - a +1 chain mail (worn)
 c - a +0 buckler (worn)
 o - a +0 helmet (worn)
Jewellery
 p - a +3 ring of dexterity (left hand)
 q - a +3 ring of strength (right hand)
Wands
 l - a wand of acid (10)
Scrolls
 j - 2 scrolls of blinking
 k - 2 scrolls of amnesia
Potions
 e - 5 potions of curing
 f - a potion of heal wounds
 g - a potion of haste
 h - 4 potions of magic


   Skills:
 + Level 8.8 Fighting
 + Level 8.4 Axes
 + Level 7.3 Armour
 + Level 8.0 Shields
 + Level 6.4 Invocations


You had 7 spell levels left.
You didn't know any spells.
Your spell library was empty.

Dungeon Overview and Level Annotations

Branches:
Dungeon (1/1)

Altars:
Cheibriados
Dithmenos
Elyvilon
Fedhas
Gozag
Hepliaklqana
Kikubaaqudgha
Makhleb
Nemelex Xobeh
Okawaru
Qazlal
Ru
Sif Muna
Trog
Uskayaw
Vehumet
Wu Jian
Xom
Yredelemnul
Zin
The Shining One
Jiyva
Lugonu


Innate Abilities, Weirdness & Mutations

Your serpentine skin is tough. (AC +2)
You have supernaturally acute eyesight. (SInv)
Armour fits poorly on your strangely shaped body.
Your system is resistant to poisons. (rPois)
You cover ground very slowly.
You can spit poison.
You have a snake-like lower body.


Message History

You have reached level 7!
You have reached level 8!
You feel agile.
The acid dragon roars!
There is an open door to the Dungeon, spattered with blood here.
Items here: )) ††.
The acid dragon roars!
The wight hits you with a +3 falchion!
You feel drained.
* * * LOW HITPOINT WARNING * * *
The wight hits you with a +3 falchion.
* * * LOW HITPOINT WARNING * * *
You strike the helpless wight from behind!
You hit the wight.
The wight is moderately damaged.
The acid dragon roars!
The acid dragon roars!
You slice the wight!! You freeze the wight.
You destroy the wight!
Cheibriados appreciates the change of pace.
Cheibriados raises the support of your attributes as your movement slows.
The acid dragon roars!
Your life force feels restored.
Your Shields skill increases to level 8!
Unknown command.
The acid dragon roars!
The centaur hits you but does no damage.
You block the centaur's attack.
The centaur hits you but does no damage.
The centaur kicks you but does no damage.
Things that are here:
a +3 falchion; a +0 robe of the Archmagi You strike the helpless centaur from behind!
You slash the centaur! You freeze the centaur!
You kill the centaur!
Cheibriados thoroughly appreciates the change of pace.
Cheibriados raises the support of your attributes as your movement slows.
The acid dragon roars!
The acid dragon spits acid at you. The splash of acid hits you!!
You die...

▓+▓
▓.▓
▓.▓
▓o▓
▓D▓
▓@▓
▓.▓
▓)▓
▓.▓
▓.▓
▓[▓
▓.▓
▓.▓
▓.▓


You could see an orc warrior (unable to see you) and an acid dragon (unable to
see you, catching breath).

Vanquished Creatures
  A two-headed ogre (D)
  A yak (D)
  2 ogres (D)
  A centaur (D)
  A wight (D)
  A gnoll (D)
  2 goblins (D)
  2 hobgoblins (D)
  A jackal (D)
  A quokka (D)
  A rat (D)
14 creatures vanquished.

Notes
Turn   | Place    | Note
-------+----------+-------------------------------------------
     0 | D        | Groucho the Naga Fighter began the quest for the Orb.
     0 | D        | Reached XP level 1. HP: 21/21 MP: 1/1
   140 | D        | Noticed an ogre
   140 | D        | Noticed an ogre
   144 | D        | Killed an ogre
   145 | D        | Reached skill level 5 in Fighting
   145 | D        | Reached XP level 2. HP: 32/32 MP: 2/2
   145 | D        | Reached XP level 3. HP: 39/39 MP: 3/3
   145 | D        | Reached XP level 4. HP: 46/46 MP: 4/4
   147 | D        | Killed an ogre
   148 | D        | Reached skill level 5 in Axes
   148 | D        | Reached skill level 5 in Armour
   148 | D        | Reached skill level 5 in Shields
   148 | D        | Reached XP level 5. HP: 55/55 MP: 5/5
   526 | D        | Found a snail-covered altar of Cheibriados.
   526 | D        | Found a shadowy altar of Dithmenos.
   526 | D        | Found a white marble altar of Elyvilon.
   526 | D        | Found a blossoming altar of Fedhas.
   526 | D        | Found an opulent altar of Gozag.
   527 | D        | Found a hazy altar of Hepliaklqana.
   528 | D        | Found a viscous altar of Jiyva.
   529 | D        | Found an ancient bone altar of Kikubaaqudgha.
   530 | D        | Became a worshipper of Cheibriados the Contemplative
   531 | D        | Found a corrupted altar of Lugonu.
   532 | D        | Found a burning altar of Makhleb.
   533 | D        | Found a sparkling altar of Nemelex Xobeh.
   534 | D        | Found an iron altar of Okawaru.
   535 | D        | Found a stormy altar of Qazlal.
   536 | D        | Found a sacrificial altar of Ru.
   537 | D        | Found a shimmering blue altar of Sif Muna.
   538 | D        | Found a bloodstained altar of Trog.
   539 | D        | Found a hide-covered altar of Uskayaw.
   540 | D        | Found a radiant altar of Vehumet.
   541 | D        | Found an ornate altar of the Wu Jian Council.
   542 | D        | Found a shimmering altar of Xom.
   543 | D        | Found a basalt altar of Yredelemnul.
   544 | D        | Found a glowing silver altar of Zin.
   545 | D        | Found a glowing golden altar of the Shining One.
   600 | D        | Noticed an orc warrior
   600 | D        | Noticed an acid dragon
   600 | D        | Noticed a centaur
   600 | D        | Noticed a two-headed ogre
   600 | D        | Noticed a yak
   602 | D        | Killed a yak
   603 | D        | Reached XP level 6. HP: 21/66 MP: 5/8
   607 | D        | Killed a two-headed ogre
   607 | D        | Reached * piety under Cheibriados
   608 | D        | Reached XP level 7. HP: 32/75 MP: 5/11
   608 | D        | Reached XP level 8. HP: 35/82 MP: 5/12
   613 | D        | Reached ** piety under Cheibriados
   613 | D        | Killed from afar by an acid dragon

Illustrated notes

Levels and vault maps discovered:
D:        linesprint [early_d, line_temple, items_1, d_10, items_2, lair_1,
          lair_end, items_3, orc_1, orc_end, items_4, d_15, swamp_1, shoals_1,
          snake_1, spider_1, d_20, vaults_1, items_5, swamp_end, shoals_end,
          snake_end, spider_end, vaults_end, d_27, items_6, zot_1, zot_end,
          crypt_end, forest_end, elf_end, slime_end, tomb_end, abyss_end,
          pan_hell_end]

Skill      XL: |  1  2  3  4  5  6  7  8 |
---------------+-------------------------+-----
Shields        | 4 5 6 7 8 |  8.0
Fighting       | 5 6 7 8 |  8.8
Axes           | 4 5 6 8 |  8.4
Armour         | 4 5 7 |  7.3
Invocations    | 3 6 |  6.4

Action                   |  1- 3 |  4- 6 |  7- 9 || total
-------------------------+-------+-------+-------++-------
Melee: War axe           |    21 |     7 |       ||    28
       Broad axe         |       |     5 |     3 ||     8
  Use: Potion            |     1 |     4 |       ||     5
 Stab: Invisible         |       |     2 |     2 ||     4
Armor: Scale mail        |     7 |       |       ||     7
       Chain mail        |       |       |     3 ||     3
Dodge: Dodged            |     9 |     2 |       ||    11
Block: Buckler           |     1 |     2 |     1 ||     4
